 Dungeon Crawl Stone Soup version 0.30-a0-137-gd8773701ce (webtiles) character file.

Game seed: 15183640339325864723

8703 zishaf the Zephyrmancer (level 11, -6/72 HPs)
             Began as a Tengu Air Elementalist on Sept 23, 2022.
             Was a Priest of Dithmenos.
             Mangled by an orc warrior
             ... wielding a +0 glaive
              (9 damage)
             ... in a bailey.
             The game lasted 00:29:34 (14459 turns).

zishaf the Zephyrmancer (Tengu Air Elementalist)   Turns: 14459, Time: 00:29:35

Health: -6/72      AC: 12    Str:  9    XL:     11   Next: 35%
Magic:  16/16      EV: 12    Int: 26    God:    Dithmenos [***...]
Gold:   472        SH:  5    Dex: 14    Spells: 6/16 levels left

rFire   . . .      SeeInvis .    a - +1 dagger (venom)
rCold   + . .      Faith    .    (no shield)
rNeg    . . .      Spirit   .    e - +4 ring mail {rC+}
rPois   .          Reflect  +    (helmet restricted)
rElec   .          Harm     .    x - +0 cloak
rCorr   .          Rampage  .    m - +1 pair of gloves
Will    .....                    (boots unavailable)
Stlth   ++........               h - amulet of reflection
HPRegen 0.22/turn                k - ring of wizardry
MPRegen 0.15/turn                n - +6 ring of intelligence

@: mighty, flying quickly and evasively, hasted, wreathed by umbra, very quick
A: beak, talons 3, nimble flight
a: Renounce Religion, Shadow Step


You were in a bailey.
You worshipped Dithmenos.
Dithmenos was most pleased with you.
You visited 2 branches of the dungeon, and saw 10 of its levels.
You also visited: Sewer, Ossuary and Bailey.

You collected 472 gold pieces.

Inventory:

Hand Weapons
 a - a +1 dagger of venom (weapon)
 f - the +6 falchion of Nightmares {drain, rN+ Dex+3}
   (You found it on level 9 of the Dungeon)

   A truly terrible weapon, it drains the life of any living foe it strikes.
   Dex:       It affects your dexterity (+3).
   rN:        It protects you from negative energy.
 i - a +1 demon whip of venom
Armour
 e - a +4 ring mail of cold resistance (worn)
 m - a +1 pair of gloves (worn)
 x - a +0 cloak (worn)
Magical Staves
 b - a staff of air
Jewellery
 h - an amulet of reflection (around neck)
 k - a ring of wizardry (left hand)
 n - a +6 ring of intelligence (right hand)
 t - a ring of ice
Wands
 o - a wand of flame (11)
Scrolls
 c - 2 scrolls of identify
 d - 6 scrolls of teleportation
 s - 2 scrolls of enchant armour
 u - 3 scrolls of blinking
 w - a scroll of fear
 y - a scroll of fog
 z - a scroll of magic mapping
Potions
 g - 4 potions of curing
 j - 3 potions of magic
 p - 2 potions of might
 q - a potion of resistance
 r - 2 potions of brilliance
 v - 6 potions of haste


   Skills:
 + Level 10.0 Fighting
 - Level 2.1 Dodging
 - Level 2.0 Stealth
 - Level 3.0 Spellcasting
 + Level 12.8 Conjurations
 + Level 13.4 Air Magic


You had 6 spell levels left.
You knew the following spells:

 Your Spells              Type           Power      Damage    Failure   Level
a - Shock                 Conj/Air       100%       1d9       1%          1
b - Airstrike             Air            32%        2d(5-21)  1%          4
A - Static Discharge      Conj/Air       100%       2-7/arc   1%          2
B - Swiftness             Air            65%        N/A       1%          3

Your spell library contained the following spells:

 Spells                   Type           Power      Damage    Failure   Level
 Dazzling Flash           Conj/Hex       74%        N/A       2%          3
 Stone Arrow              Conj/Erth      74%        3d11      2%          3
 Sandblast                Erth           6%         2d5       11%         1
 Summon Small Mammal      Summ           12%        N/A       11%         1
 Passwall                 Tmut/Erth      2%         N/A       16%         2
 Silence                  Hex/Air        19%        N/A       19%         5
 Call Canine Familiar     Summ           3%         N/A       30%         3
 Gell's Gravitas          Tloc           3%         N/A       30%         3
 Lesser Beckoning         Tloc           3%         N/A       30%         3
 Summon Guardian Golem    Hex/Summ       3%         N/A       30%         3
 Teleport Other           Tloc           3%         N/A       30%         3
 Anguish                  Hex/Necr       1%         N/A       67%         4
 Agony                    Necr           3%         N/A       94%         5
 Enfeeble                 Hex            1%         N/A       100%        7


Dungeon Overview and Level Annotations

Branches:
Dungeon (9/15)             Temple (1/1) D:4             Orc (0/2) D:9
  Sewer (visited)         Ossuary (visited)          Bailey (1/1)
   Lair: D:8-11

Altars:
Ashenzari
Cheibriados
Dithmenos
Elyvilon
Fedhas
Gozag
Hepliaklqana
Kikubaaqudgha
Makhleb
Nemelex Xobeh
Okawaru
Qazlal
Ru
Sif Muna
Trog
Uskayaw
Vehumet
Wu Jian
Xom
Yredelemnul
Zin

Annotations:
D:3 Grinder
D:8 2 transporters


Innate Abilities, Weirdness & Mutations

You have a beak for a mouth.
You have claws for feet.
Your magical nature lets you fly swiftly and evasively.


Message History

The orc knight hits you with a +0 halberd!!
* * * LOW HITPOINT WARNING * * *
The orc warrior completely misses you.
The orc warrior hits you from afar with a +0 glaive!
* * * LOW HITPOINT WARNING * * *
You block the orc warrior's attack.
Things that are here:
a +0 halberd; a +0 ring mail; an orc corpse
Things that are here:
a +0 trident; a +0 halberd An orc warrior comes into view.
It is wielding a +0 halberd.
There is an open door here.
The orc warrior closely misses you.
There is an open door here.
The orc knight roars a battlecry!
The orc warrior goes into a battle-frenzy!
The orc knight roars a battlecry!
Things that are here:
a +0 spear; a +0 scale mail; an orc corpse
Things that are here:
a +0 halberd; a +0 chain mail; an orc corpse
There is a gate leading back out of this place here.
Okay, then.
Casting: Shock (safe; 1% risk of failure)
Confirm with . or Enter, or press ? or * to list all spells.
Okay, then.
You feel much better.
You feel very mighty all of a sudden. The orc knight misses you.
The orc warrior hits you from afar with a +0 glaive.
You hit the orc knight. You claw the orc knight.
Your peck misses the orc knight.
The orc knight is moderately wounded.
You hit the orc knight.
The orc knight is poisoned.
You claw the orc knight! Your peck misses the orc knight.
The orc knight is heavily wounded.
The orc knight hits you with a +0 halberd!!
* * * LOW HITPOINT WARNING * * *
The orc warrior hits you from afar with a +0 glaive!
You die...

############ ###
##.∩...)))..## ##..
#.....)#)))..######...
#.....###..).#....#..#
#∩.....8.oo..'..).'..8
#.....###....#....#.)#
#....@.#.....######..)
##.∩..ooo)..## ##.)
############ ###


You could see an orc knight (very poisoned) and 2 orc warriors.

Vanquished Creatures
  Gastronok (D:8)
  A two-headed ogre (D:7)
  Amaemon (D:8)
  An orc knight (Bailey)
  An orange demon (D:8)
  A shadow (D:9)
  A yak (D:8)
  6 water moccasins
  A hornet zombie (D:7)
  4 orc warriors
  An ice beast (D:6)
  4 ogres
  2 centaurs
  5 phantoms
  3 bullfrogs
  2 kobold brigands
  4 necrophages
  A wyvern zombie (D:7)
  11 scorpions
  6 wights
  7 killer bees
  2 howler monkeys
  2 centaur zombies
  5 human zombies (Ossuary)
  4 jellies
  A gnoll bouda (D:5)
  5 orc priests
  Crazy Yiuf (D:6)
  3 hounds
  Terence (D:3)
  A hell rat (Sewer)
  3 iguanas
  9 scorpion zombies (Ossuary)
  6 orc wizards
  A killer bee zombie (D:7)
  3 mummies (Ossuary)
  2 howler monkey zombies (D:7)
  4 gnolls (D:5)
  4 adders
  A river rat (Sewer)
  A white imp (D:7)
  3 ufetubi
  2 worms (D:6)
  A dart slug (D:2)
  38 orcs
  4 ball pythons
  4 bats
  13 endoplasms
  5 giant cockroaches
  10 goblins
  8 hobgoblins
  6 jackals
  8 quokkas
  4 frilled lizards
  4 hobgoblin zombies
  15 kobolds
  A kobold zombie (Ossuary)
  An orc zombie (Ossuary)
  13 rats
  A rat zombie (D:8)
264 creatures vanquished.

Vanquished Creatures (others)
  2 killer bees (D:7)
  An orc (Bailey)
  A fungus (D:6)
  7 withered plants (D:7)
11 creatures vanquished.

Grand Total: 275 creatures vanquished

Notes
Turn   | Place    | Note
-------+----------+-------------------------------------------
     0 | D:1      | zishaf the Tengu Air Elementalist began the quest for the
                  | Orb.
     0 | D:1      | Reached XP level 1. HP: 10/10 MP: 4/4
   356 | D:1      | Reached XP level 2. HP: 16/16 MP: 3/6
   886 | D:1      | Reached skill level 1 in Fighting
  1245 | D:1      | Reached XP level 3. HP: 17/20 MP: 2/7
  1325 | D:1      | Learned a level 2 spell: Static Discharge
  1329 | D:1      | Learned a level 3 spell: Swiftness
  2390 | D:2      | Reached XP level 4. HP: 22/25 MP: 4/8
  3384 | D:3      | Noticed Grinder
  3502 | D:3      | Noticed Terence
  3508 | D:3      | Killed Terence
  3563 | D:3      | Reached skill level 5 in Air Magic
  3753 | D:3      | Gained mutation: Your magical nature lets you fly swiftly
                  | and evasively. [Tengu growth]
  3753 | D:3      | Reached XP level 5. HP: 30/30 MP: 8/10
  3916 | D:3      | Found a faded altar of an unknown god.
  4472 | D:4      | Noticed a phantom
  4476 | D:4      | Killed a phantom
  4644 | D:4      | Noticed a water moccasin
  4679 | D:4      | Learned a level 4 spell: Airstrike
  4869 | D:4      | Found a staircase to the Ecumenical Temple.
  4875 | Temple   | Entered the Ecumenical Temple
  5013 | Temple   | Became a worshipper of Dithmenos the Shadowed
  5199 | D:4      | Reached XP level 6. HP: 37/37 MP: 8/11
  5265 | D:4      | Reached skill level 6 in Air Magic
  5516 | D:4      | Found a hazy altar of Hepliaklqana.
  5673 | D:4      | Reached skill level 5 in Conjurations
  5673 | D:4      | Reached XP level 7. HP: 24/42 MP: 2/12
  5926 | D:5      | Entered Level 5 of the Dungeon
  6360 | D:5      | Found an opulent altar of Gozag.
  6399 | D:5      | Reached skill level 7 in Air Magic
  6657 | D:5      | Reached XP level 8. HP: 48/48 MP: 6/13
  6751 | D:5      | Reached skill level 5 in Fighting
  7135 | D:5      | Reached skill level 8 in Air Magic
  7908 | D:6      | Found a runed translucent door.
  7909 | D:6      | Noticed Crazy Yiuf
  7976 | D:6      | Found a glowing drain.
  7989 | D:6      | Reached * piety under Dithmenos
  7990 | D:6      | Reached skill level 9 in Air Magic
  8073 | Sewer    | Entered a sewer
  8250 | D:6      | Reached XP level 9. HP: 53/55 MP: 8/14
  8400 | D:6      | Found a bloodstained altar of Trog.
  9365 | D:6      | Killed Crazy Yiuf
  9525 | D:7      | Reached skill level 10 in Air Magic
 10260 | D:7      | Reached skill level 10 in Conjurations
 10330 | D:7      | Reached XP level 10. HP: 63/64 MP: 6/15
 10445 | D:7      | Reached skill level 11 in Air Magic
 10780 | D:7      | Found an ancient bone altar of Kikubaaqudgha.
 10783 | D:7      | Found a stormy altar of Qazlal.
 10785 | D:7      | Found a shimmering blue altar of Sif Muna.
 10835 | D:7      | Noticed a two-headed ogre
 10954 | D:7      | Killed a two-headed ogre
 11239 | D:8      | Noticed Amaemon
 11242 | D:8      | Noticed an orange demon
 11258 | D:8      | Killed Amaemon
 11258 | D:8      | Reached ** piety under Dithmenos
 11287 | D:8      | Killed an orange demon
 11288 | D:8      | Reached skill level 12 in Air Magic
 11343 | D:8      | Found a transporter.
 11359 | D:8      | Found a sand-covered staircase.
 11551 | Ossuary  | Entered an ossuary
 12275 | D:8      | Noticed Gastronok
 12901 | D:8      | Noticed an orc knight
 12901 | D:8      | Noticed a two-headed ogre
 12902 | D:8      | Found a transporter.
 13318 | D:8      | Killed Gastronok
 13319 | D:8      | Reached skill level 13 in Air Magic
 13319 | D:8      | Reached XP level 11. HP: 16/72 MP: 3/16
 13860 | D:9      | Identified the +6 falchion of Nightmares {drain, rN+ Dex+3}
 13864 | D:9      | Found a staircase to the Orcish Mines.
 13867 | D:9      | Found a flagged portal.
 13871 | D:9      | Noticed a two-headed ogre
 13877 | Bailey   | Entered a bailey
 13951 | Bailey   | Reached *** piety under Dithmenos
 14200 | Bailey   | Noticed an orc knight
 14209 | Bailey   | Noticed an orc knight
 14250 | Bailey   | Killed an orc knight
 14251 | Bailey   | Reached skill level 10 in Fighting
 14459 | Bailey   | HP: 3/72 [orc knight/+0 halberd (23)]
 14459 | Bailey   | Mangled by an orc warrior

Illustrated notes

Levels and vault maps discovered:
D:1:      kilobyte_arrival_exit_the_forest, layout_basic, kennysheep_nondescript
D:2:      wad_crossroads, layout_basic, minmay_liquid_box, interstate_on_off
D:3:      layout_loops_corners, chequers_ecumenical_altar_twisty, uniq_grinder,
          uniq_terence
D:4:      layout_loops_corners, mainiacjoe_overflow_catwalk,
          minmay_temple_entry_enclosed_plants, lightli_corner_chamber
D:5:      minmay_recursive_quarters, layout_gridville,
          nicolae_gozag_seed_capital, grunt_ministairs_7
D:6:      layout_loops_ring, kennysheep_mini_moat, cheibrodos_sewer_entry_bend,
          uniq_crazy_yiuf_cottage
D:7:      layout_loops_cross, grunt_temple_overflow_open, serial_undead,
          serial_undead_f, serial_undead_a, serial_undead_e, serial_undead_e,
          minmay_misc_feat_alley, kennysheep_donut
D:8:      gammafunk_beogh_shrine, layout_loops_ring, enter_ossuary_3,
          hangedman_decor_opposing, serial_bayou_pond_d,
          chequers_hall_statues_corner_a, uniq_gastronok, uniq_amaemon
D:9:      layout_rooms, orc_0_dummy, enter_bailey_5, serial_bayou_pond_d,
          grunt_decor_resistance, st_stairs_4
Temple:   minmay_freezing_vapour_temple
Bailey:   bailey_polearm_5, bailey

Skill      XL: |  1  2  3  4  5  6  7  8  9 10 11 |
---------------+----------------------------------+-----
Conjurations   | 2 3 4 5 6 8 10 12 | 12.8
Fighting       | 1 2 3 4 6 7 9 10 | 10.0
Air Magic      | 5 6 7 9 10 13 | 13.4
Spellcasting   | 3 |  3.0
Dodging        | |  2.1
Stealth        | |  2.0

Action                   |  1- 3 |  4- 6 |  7- 9 | 10-12 || total
-------------------------+-------+-------+-------+-------++-------
Melee: Unarmed           |     6 |       |       |       ||     6
       Peck              |     4 |     3 |     7 |    40 ||    54
       Kick              |     2 |     6 |    14 |    55 ||    77
       Dagger            |    14 |    15 |       |    26 ||    55
       Staff             |       |       |    37 |   118 ||   155
       Punch             |       |       |     1 |     2 ||     3
 Cast: Shock             |    81 |    76 |    91 |    29 ||   277
       Static Discharge  |     3 |    11 |   106 |   113 ||   233
       Airstrike         |       |       |       |     7 ||     7
Evoke: Wand              |       |       |     3 |    12 ||    15
  Use: Scroll            |       |    13 |     5 |     4 ||    22
       Potion            |       |       |       |    18 ||    18
 Stab: Sleeping          |       |       |     1 |     1 ||     2
Armor: Robe              |     5 |       |       |       ||     5
       Ring mail         |       |    10 |    64 |   106 ||   180
       Skin              |       |       |       |     2 ||     2
Dodge: Dodged            |    24 |    11 |    85 |   158 ||   278
Block: Other             |       |       |    28 |    67 ||    95
       Reflection        |       |       |     1 |     3 ||     4

Table legend: (Time is in decaauts)
 A = Elapsed time spent in this place.
 B = Non-inter-level travel time spent in this place.
 C = Inter-level travel time spent in this place.
 D = Time resting spent in this place.
 E = Time spent auto-exploring this place.
 F = Levels seen in this place.
 G = Mean time per level.
                   A        B        C        D        E       F      G
               +--------+--------+--------+--------+--------+-----+--------+
         Total |  13952 |  13623 |    329 |   1583 |   9606 |  13 | 1073.2 |
       Dungeon |  12467 |  12138 |    329 |   1164 |   9126 |   9 | 1385.2 |
        Temple |    139 |    139 |      0 |    100 |      9 |   1 |  139.0 |
         Sewer |    112 |    112 |      0 |      0 |     52 |   1 |  112.0 |
       Ossuary |    688 |    688 |      0 |     66 |    388 |   1 |  688.0 |
        Bailey |    544 |    544 |      0 |    253 |     30 |   1 |  544.0 |
               +--------+--------+--------+--------+--------+-----+--------+

Top non-repeatable levels by time:
     D:1: 1874 daAuts
     D:7: 1854 daAuts
     D:5: 1804 daAuts
     D:8: 1593 daAuts
     D:2: 1448 daAuts
     D:6: 1429 daAuts
     D:4: 1421 daAuts
     D:3: 916 daAuts
 Ossuary: 688 daAuts
  Bailey: 544 daAuts
  Temple: 139 daAuts
     D:9: 125 daAuts
   Sewer: 112 daAuts
